Map: Rainfall LE

Players

liquidclem (Clem) - Winner!

  • Race: Terran Terran
  • League: Grandmaster
  • Spawn Location: 5:00

lorimbo

  • Race: Zerg Zerg
  • League: Grandmaster
  • Spawn Location: 11:00

Event: HomeStory Cup XXIX

VOD

Have the link to the VOD?

Description

Time

  • Played on: July 3, 2026, 11:25 a.m.
  • Length: 2:48

All games in this series

Show
View Real Time Build Order
Export as new Build Order

liquidclem Terran - Winner!

Build Orders:  

Get SALT Encoding   

  8  0:00  SCV  
  9  0:12  SCV  
  10  0:24  SCV  
  11  0:29  Supply Depot  
  11  0:36  SCV  
  12  0:48  SCV  
  13  0:53  Barracks  
  13  1:01  SCV  
  14  1:05  Refinery  
  14  1:13  SCV  
  15  1:23  Barracks  
  15  1:27  SCV  
  16  1:43  Orbital Command  
  16  1:48  Reaper  
  17  1:56  Supply Depot  
  17  2:08  SCV  
  18  2:10  Marine  
  19  2:20  SCV  
Show
View Real Time Build Order
Export as new Build Order

lorimbo Zerg 

Build Orders: Pool Only 

Get SALT Encoding   

  8  0:00  Drone  
  9  0:27  Spawning Pool  
  8  0:34  Drone  
  9  0:40  Drone  
  10  0:52  Overlord  
  10  1:14  Zergling x6  
  13  1:25  Zergling x2  
  14  1:35  Zergling x2  
  15  1:45  Zergling x2  
  16  1:54  Zergling x2  
  17  2:05  Zergling x2  
  16  2:24  Zergling x4  
Tags
 
Add a new tag
Caveats
  • Supply blocks, unpowered buildings, or Contaminate may cause inaccurate times.
  • Supply counts are checked every 10 seconds.